 Dungeon Crawl Stone Soup version 0.17-a0-755-g4391640 (webtiles) character file.

247 oplop the Ruffian (level 5, -2/54 HPs)
             Began as a Troll Warper on Apr 23, 2015.
             Slain by a quokka (4 damage)
             ... on level 3 of the Dungeon.
             The game lasted 00:02:39 (2074 turns).

oplop the Ruffian (Troll Warper)                    Turns: 2074, Time: 00:02:40

Health: -2/54      AC:  5    Str: 20    XL:     5   Next: 85%
Magic:  5/5        EV: 10    Int:  9    God:
Gold:   125        SH:  0    Dex:  9    Spells: 1 memorised, 5 levels left

rFire  . . .     SeeInvis .       - Unarmed
rCold  . . .     Clarity  .     a - +0 robe
rNeg   . . .     SustAb   .     (no shield)
rPois  .         Gourm    +     (helmet restricted)
rElec  .         Spirit   .     (no cloak)
rCorr  .         Warding  .     (gloves unavailable)
rMut   .         Stasis   .     (boots unavailable)
MR     .....                    (no amulet)
Stlth  +.........               (no ring)
                                (no ring)

@: not resistant to hostile enchantments, very unstealthy
A: unfitting armour, claws 3, fast metabolism 3, gourmand, regeneration 2,
shaggy fur 1, tough skin 2
a: no special abilities


You were on level 3 of the Dungeon.
You were very full.

You visited 1 branch of the dungeon, and saw 3 of its levels.

You collected 125 gold pieces.

Inventory:

Missiles
 d - 5 tomahawks of dispersal (quivered)
Armour
 a - a +0 robe (worn)
Jewellery
 m - an uncursed amulet of stasis {unknown}
Scrolls
 c - a scroll of blinking
 f - 2 scrolls of remove curse {unknown}
 i - 5 scrolls of identify {unknown}
 k - a scroll of noise {unknown}
 o - 2 scrolls of random uselessness {unknown}
 r - a scroll of enchant weapon {unknown}
Potions
 g - a potion of restore abilities {unknown}
 h - a potion of curing {unknown}
 j - a potion of heal wounds {unknown}
 l - 2 potions of poison {unknown}
 s - a potion of flight {unknown}
Books
 b - a book of Spatial Translocations

   Spells                             Type                      Level
   a - Apportation                    Translocation                1
   b - Blink                          Translocation                2
   c - Shroud of Golubria             Charms/Translocation         2
   d - Portal Projectile              Translocation                3
   e - Teleport Other                 Translocation                3
   f - Passage of Golubria            Translocation                4
Comestibles
 e - 4 bread rations
 n - a meat ration
 p - a royal jelly
 q - a chunk of flesh


   Skills:
 + Level 3.8 Fighting
 - Level 0.8 Throwing
 - Level 1.9 Dodging
 + Level 4.5 Unarmed Combat
 - Level 1.2 Spellcasting
 - Level 2.1 Translocations


You had 5 spell levels left.
You knew the following spells:

 Your Spells              Type           Power        Failure   Level  Hunger
a - Apportation           Tloc           #.........   14%         1    ##.....


Dungeon Overview and Level Annotations

Branches:
Dungeon (3/15)

Altars:


Innate Abilities, Weirdness & Mutations

You are too large for most types of armour.
You have claws for hands.
Your metabolism is lightning-fast.
You like to eat raw meat.
You heal very quickly.
You are covered in fur (AC +1).
You have very tough skin (AC +2).


Message History

The quokka is no longer bleeding.
The orc barely misses you. The quokka bites you.
The kobold hits you with a dagger.
Unknown command.
You scratch the orc priest but do no damage.
The orc priest is lightly wounded.
The orc priest hits you with a mace of protection.
* * * LOW HITPOINT WARNING * * *
The quokka bites you.
* * * LOW HITPOINT WARNING * * *
The orc misses you. The kobold hits you but does no damage.
The kobold hits you but does no damage.
Unknown command.
You scratch the kobold but do no damage.
You claw the kobold.
You kill the kobold!
The quokka closely misses you.
The orc priest hits you with a mace of protection!
* * * LOW HITPOINT WARNING * * *
The quokka bites you.
You die...

..## #.# .... .... ....
....### .#.# #.#...# #+
#.#.##.#.#.#.#... #.#...
#.#...#(..
########.#.####.#<..#...
.................##..#...
........@##.#####........
#####..oor(..........###.
#....o#.#####.##.###.
#.....#.# #.##..###
#.....#.# #.###.#
#.......# #.# #.##
#..####.# #.# #..# #..
#$# #.# ##.## .. #.# #.#
#..#


You could see an orc priest (bleeding), 2 orcs and a quokka.

Vanquished Creatures
  The ghost of oplop the Gusty, an average TeAE (D:3)
  3 adders (D:2)
  3 worms (D:2)
  A giant gecko (D:3)
  5 orcs (D:3)
  4 giant cockroaches
  6 goblins
  2 hobgoblins
  2 quokkas
  5 bats
  5 giant newts
  6 jackals
  3 kobolds
  11 rats
57 creatures vanquished.

Notes
Turn   | Place    | Note
--------------------------------------------------------------
     0 | D:1      | oplop, the Troll Warper, began the quest for the Orb.
     0 | D:1      | Reached XP level 1. HP: 19/19 MP: 1/1
   465 | D:1      | Reached XP level 2. HP: 28/28 MP: 2/2
  1090 | D:2      | Reached XP level 3. HP: 35/35 MP: 3/3
  1267 | D:2      | Reached skill level 3 in Unarmed Combat
  1536 | D:2      | Reached XP level 4. HP: 41/44 MP: 4/4
  1887 | D:3      | Noticed oplop's ghost (average TeAE)
  1901 | D:3      | Killed oplop's ghost
  1901 | D:3      | Reached skill level 4 in Unarmed Combat
  1901 | D:3      | Reached XP level 5. HP: 45/54 MP: 5/5
  2074 | D:3      | HP: 2/54 [orc priest/mace of protection (9)]
  2074 | D:3      | Slain by a quokka

Action                   |  1- 3 |  4- 6 || total
-------------------------+-------+-------++-------
Melee: Unarmed           |   105 |    46 ||   151
  Eat: Chunk             |    15 |     1 ||    16
       Meat ration       |     1 |       ||     1
       Bread ration      |       |     1 ||     1
